 Dungeon Crawl Stone Soup version 0.29-a0-577-gafbf2c5d25 (webtiles) character file.

Game seed: 5393808207187903444

3357 porpoise the Chopper (level 9, -6/72 HPs)
             Began as a Demonspawn Fighter on June 14, 2022.
             Was an Initiate of Yredelemnul.
             Mangled by a hornet (9 damage)
             ... while paralysed by a hornet
             ... on level 8 of the Dungeon.
             The game lasted 00:25:06 (8473 turns).

porpoise the Chopper (Demonspawn Fighter)           Turns: 8473, Time: 00:25:07

Health: -6/72      AC:  8    Str: 20    XL:     9   Next: 73%
Magic:  9/9        EV:  2    Int: 10    God:    Yredelemnul [......]
Gold:   203        SH:  0    Dex: 13    Spells: 4/8 levels left

rFire   . . .      SeeInvis +   a - +9 broad axe "Leace" {vorpal, Will+}
rCold   . . .      Faith    .   c - +0 buckler
rNeg    . . .      Spirit   .   h - +0 scale mail
rPois   .          Reflect  .   (helmet unavailable)
rElec   .          Harm     .   A - +0 cloak
rCorr   +          Rampage  .   (no gloves)
Will    +....                   (no boots)
Stlth   ..........              (no amulet)
HPRegen 0.22/turn               z - ring of resist corrosion
MPRegen 0.11/turn               (no ring)

@: paralysed, lethally poisoned (-6 -> -24), marked, hasted and slowed
A: antennae 3, repulsion field 2, spiny 1
a: Renounce Religion, Recall Undead Harvest


You were on level 8 of the Dungeon.
You worshipped Yredelemnul.
Yredelemnul was noncommittal.
You visited 2 branches of the dungeon, and saw 9 of its levels.

You collected 465 gold pieces.
You spent 262 gold pieces at shops.

Inventory:

Hand Weapons
 a - the +9 broad axe "Leace" (weapon) {vorpal, Will+}
   (You found it on level 4 of the Dungeon)

   It inflicts extra damage upon your enemies.
   Will:      It increases your willpower.
 b - a +0 hunting sling
 w - a +0 trident
Missiles
 o - 11 poisoned darts
 C - 4 boomerangs
 G - 2 javelins
 K - a throwing net
Armour
 c - a +0 buckler (worn)
 e - an orb of guile
 h - a +0 scale mail (worn)
 r - the +0 ring mail of Unreason {rElec Dex+6 Slay-5 Stlth+}
   (You found it on level 2 of the Dungeon)

   Dex:       It affects your dexterity (+6).
   Slay:      It affects your accuracy & damage with ranged weapons and melee
   (-5).
   rElec:     It insulates you from electricity.
   Stlth:     It makes you more stealthy.
 A - a +0 cloak (worn)
 M - a +1 buckler of positive energy
Magical Staves
 I - a staff of air
Jewellery
 g - an amulet of guardian spirit
 z - a ring of resist corrosion (left hand)
Wands
 s - a wand of mindburst (9)
 y - a wand of acid (9)
 B - a wand of iceblast (10)
 D - a wand of digging (4)
Scrolls
 j - 2 scrolls of fear
 k - 4 scrolls of teleportation
 l - a scroll of summoning {unknown}
 m - 2 scrolls of blinking {unknown}
 n - a scroll of amnesia {unknown}
 q - a scroll of poison {unknown}
 v - 2 scrolls of immolation {unknown}
 x - 2 scrolls of enchant armour {unknown}
 E - 3 scrolls of enchant weapon {unknown}
 H - 5 scrolls of identify
 J - 2 scrolls of torment {unknown}
Potions
 d - 3 potions of might
 f - 2 potions of resistance
 i - a potion of brilliance
 p - a potion of ambrosia
 t - a potion of lignification
 u - a potion of berserk rage
 F - 2 potions of mutation


   Skills:
 - Level 7.0 Fighting
 * Level 7.3(8.3) Axes
 - Level 6.0(7.6) Polearms
 - Level 5.0 Armour
 - Level 2.6 Shields
 - Level 5.0 Evocations


You had 4 spell levels left.
You knew the following spells:

 Your Spells              Type           Power      Damage    Failure   Level
a - Anguish               Hex/Necr       0%         N/A       100%        4

Your spell library contained the following spells:

 Spells                   Type           Power      Damage    Failure   Level
 Inner Flame              Hex/Fire       0%         N/A       99%         3
 Cause Fear               Hex            0%         N/A       100%        4
 Enfeeble                 Hex            0%         N/A       100%        7
 Discord                  Hex            0%         N/A       100%        8


Dungeon Overview and Level Annotations

Branches:
Dungeon (8/15)             Temple (1/1) D:7            Lair (0/6) D:8

Altars:
Cheibriados
Elyvilon
Gozag
Kikubaaqudgha
Makhleb
Okawaru
Sif Muna
Trog
Uskayaw
Wu Jian
Yredelemnul
The Shining One

Shops:
D:3 (   D:5 =   D:7 [:(


Innate Abilities, Weirdness & Mutations

You have a pair of large antennae on your head. (SInv)
You are surrounded by a moderate repulsion field. (EV +3)
You are partially covered in sharp spines.


Message History

The shadow imp barely misses your howler monkey zombie.
Your gnoll sergeant zombie hits the hornet but does no damage.
You closely miss the hornet.
The hornet is severely wounded.
The hornet is struck by your spines. The hornet stings you!
You are poisoned.
You feel as though you will be slow longer.
The bullfrog barely misses your gnoll sergeant zombie.
The hornet is struck by your spines. The hornet misses you.
The shadow imp barely misses your howler monkey zombie.
The bullfrog hits your gnoll sergeant zombie.
Your gnoll sergeant zombie is destroyed!
An ice beast comes into view.
Your howler monkey zombie barely misses the hornet.
You block the hornet's attack.
Your howler monkey zombie misses the hornet.
The shadow imp hits your howler monkey zombie.
Okay, then.
Okay, then.
Unknown command.
Unknown command.
Okay, then.
Unknown command.
Unknown command.
It was a potion of haste.
You feel yourself speed up.
You feel very sick. The hornet stings you!
* * * LOW HITPOINT WARNING * * *
You are more poisoned.
You suddenly lose the ability to move!
The bullfrog hits you.
* * * LOW HITPOINT WARNING * * *
The shadow imp completely misses your howler monkey zombie.
Your howler monkey zombie closely misses the hornet.
The hornet stings you but does no damage.
The bullfrog is struck by your spines. The bullfrog barely misses you.
The shadow imp closely misses your howler monkey zombie.
Your howler monkey zombie closely misses the hornet.
The hornet stings you!
You die...
Your body rises from the dead as a mindless zombie.

#..............#
#..............#
#########...............
#..............#........
#......".......#......Z.
#..............##.#####.
#..........+##.##.# #.
#...!......+ #....# #.
+[....F@...# ###### #.
#.....yZ...# ##
#....Y5....# #
##.)..###### ####. ..
../ ... # #


You could see a hornet (ally target), an ice beast, a bullfrog, a shadow imp and
a friendly howler monkey zombie.

Vanquished Creatures
  Sigmund (D:6)
  Edmund (D:6)
  An ice beast (D:7)
  2 orc warriors
  3 sky beasts
  2 ogres
  3 centaurs
  2 phantoms
  2 gnoll sergeants
  2 necrophages (D:6)
  2 scorpions
  7 wights
  Dowan (D:4)
  A howler monkey (D:8)
  An electric eel (D:7)
  8 hounds
  Crazy Yiuf (D:3)
  A jelly (D:7)
  2 orc priests
  Jessica (D:3)
  6 iguanas
  Natasha (D:2)
  An orc wizard (D:5)
  18 gnolls
  10 adders
  2 shadow imps
  A white imp (D:6)
  An ufetubus (D:5)
  3 worms (D:3)
  A dart slug (D:4)
  21 orcs
  5 bats
  3 endoplasms
  13 giant cockroaches
  5 goblins
  6 hobgoblins
  6 jackals
  6 kobolds
  3 quokkas
  4 ball pythons
  A frilled lizard (D:1)
  A goblin skeleton (D:6)
  A goblin zombie (D:6)
  A hobgoblin zombie (D:6)
  A kobold skeleton (D:6)
  3 kobold zombies (D:6)
  2 orc skeletons (D:6)
  2 orc zombies (D:6)
  A rat (D:3)
173 creatures vanquished.

Vanquished Creatures (collateral kills)
  A wight (D:8)
  A howler monkey (D:8)
  A gnoll shaman (D:7)
  A gnoll (D:7)
  3 orcs
7 creatures vanquished.

Vanquished Creatures (others)
  Duvessa (D:4)
  A hound zombie (D:7)
  A howler monkey zombie (D:8)
  A ball python (D:4)
  3 gnoll zombies (D:8)
  A jackal (D:4)
  3 orc zombies
11 creatures vanquished.

Grand Total: 191 creatures vanquished

Notes
Turn   | Place    | Note
-------+----------+-------------------------------------------
     0 | D:1      | porpoise the Demonspawn Fighter began the quest for the
                  | Orb.
     0 | D:1      | Reached XP level 1. HP: 18/18 MP: 1/1
   259 | D:1      | Gained mutation: You are partially covered in sharp spines.
                  | [demonic ancestry]
   259 | D:1      | Reached XP level 2. HP: 24/24 MP: 2/2
   424 | D:1      | Found a faded altar of an unknown god.
  1001 | D:2      | Gained mutation: You have a pair of small antennae on your
                  | head. [demonic ancestry]
  1001 | D:2      | Reached XP level 3. HP: 27/29 MP: 3/3
  1068 | D:2      | Noticed Natasha
  1073 | D:2      | Killed Natasha
  1074 | D:2      | Reached XP level 4. HP: 37/37 MP: 4/4
  1289 | D:2      | Identified the +0 ring mail of Unreason {rElec Dex+6 Slay-5
                  | Stlth+}
  1512 | D:3      | Found Meohurick's Antique Weapon Shop.
  1893 | D:3      | Found a runed translucent door.
  1894 | D:3      | Noticed Crazy Yiuf
  1929 | D:3      | Gained mutation: You are surrounded by a mild repulsion
                  | field. (EV +2) [demonic ancestry]
  1929 | D:3      | Reached XP level 5. HP: 42/42 MP: 5/5
  1942 | D:3      | Noticed Jessica
  1949 | D:3      | Killed Jessica
  2831 | D:3      | Killed Crazy Yiuf
  3042 | D:4      | Reached XP level 6. HP: 49/49 MP: 6/6
  3216 | D:4      | Noticed Dowan
  3238 | D:4      | Killed Dowan
  3239 | D:4      | Reached skill level 5 in Polearms
  3409 | D:4      | Noticed Duvessa
  3430 | D:4      | Killed Duvessa
  3436 | D:4      | Reached skill level 5 in Fighting
  3439 | D:4      | Gained mutation: You have a pair of antennae on your head.
                  | [demonic ancestry]
  3439 | D:4      | Reached XP level 7. HP: 55/56 MP: 7/7
  3720 | D:4      | Identified the +9 broad axe "Leace" {vorpal, Will+}
  3825 | D:5      | Entered Level 5 of the Dungeon
  3872 | D:5      | Reached skill level 1 in Evocations
  4122 | D:5      | Found Parr's Jewellery Emporium.
  4127 | D:5      | Reached skill level 1 in Axes
  4540 | D:5      | Gained mutation: You have a pair of large antennae on your
                  | head. (SInv) [demonic ancestry]
  4540 | D:5      | Reached XP level 8. HP: 60/64 MP: 8/8
  5374 | D:6      | You fall into a shaft and drop 2 floors!
  5388 | D:7      | Found a staircase to the Ecumenical Temple.
  5422 | Temple   | Entered the Ecumenical Temple
  5451 | Temple   | Became a worshipper of Yredelemnul the Dark
  5598 | D:6      | Noticed Sigmund
  5645 | D:6      | Killed Sigmund
  5720 | D:6      | Reached * piety under Yredelemnul
  6244 | D:6      | Noticed Edmund
  6252 | D:6      | Killed Edmund
  6252 | D:6      | Reached ** piety under Yredelemnul
  6698 | D:6      | Gained mutation: You are surrounded by a moderate repulsion
                  | field. (EV +3) [demonic ancestry]
  6698 | D:6      | Reached XP level 9. HP: 63/71 MP: 9/9
  6971 | D:7      | Reached skill level 5 in Axes
  7086 | D:7      | Reached skill level 5 in Armour
  7289 | D:7      | Found Jemoth's Weapon Emporium.
  7292 | D:7      | Found Uclufixt's Book Shoppe.
  7505 | D:7      | Found Ugiga's Antique Armour Emporium.
  7513 | D:7      | Bought a runed buckler for 262 gold pieces
  7873 | D:8      | Learned a level 4 spell: Anguish
  7933 | D:8      | Reached skill level 5 in Evocations
  8391 | D:8      | Found a staircase to the Lair.
  8470 | D:8      | Paralysed by a hornet for 1 turns
  8473 | D:8      | Paralysed by a hornet for 3 turns
  8473 | D:8      | HP: 3/72 [bullfrog (5)]
  8473 | D:8      | Mangled by a hornet

Illustrated notes

Levels and vault maps discovered:
D:1:      wander_arrival_lonely_grave, layout_rooms,
          hellmonk_ecumenical_altar_pennies_from_heaven
D:2:      minmay_roachtagon, layout_rooms, uniq_natasha
D:3:      layout_basic, serial_shops, nicolae_shop_statue_plus,
          uniq_crazy_yiuf_cottage, uniq_jessica
D:4:      layout_gridville, uniq_duvessa
D:5:      layout_basic, serial_shops, shop_fountains
D:6:      layout_loops_corners, nicolae_tso_besieged_by_evil, uniq_edmund,
          uniq_sigmund
D:7:      layout_basic, temple_statues, chequers_serial_rivers_micro_e,
          nicolae_wooded_promenade
D:8:      layout_basic, lair_entry_dummy, kennysheep_generic_room_6
Temple:   regret_index_temple_sigil_plot

Skill      XL: |  1  2  3  4  5  6  7  8  9 |
---------------+----------------------------+-----
Polearms       | 2 3 4 5 6 |  6.0
Fighting       | 4 5 6 7 |  7.0
Armour         | 3 4 5 |  5.0
Evocations     | 2 3 5 |  5.0
Axes           | 2 4 7 |  7.3
Shields        | |  2.6

Action                   |  1- 3 |  4- 6 |  7- 9 || total
-------------------------+-------+-------+-------++-------
Melee: Trident           |    48 |   142 |    13 ||   203
       Broad axe         |       |       |   166 ||   166
       Unarmed           |       |       |     1 ||     1
 Fire: Hunting sling     |    32 |    11 |    53 ||    96
  Use: Scroll            |       |     8 |     2 ||    10
       Potion            |       |     3 |     1 ||     4
 Stab: Invisible         |       |     3 |       ||     3
Armor: Scale mail        |    24 |    36 |    55 ||   115
Dodge: Dodged            |    15 |    59 |   119 ||   193
Block: Buckler           |    14 |    29 |    42 ||    85

Table legend: (Time is in decaauts)
 A = Elapsed time spent in this place.
 B = Non-inter-level travel time spent in this place.
 C = Inter-level travel time spent in this place.
 D = Time resting spent in this place.
 E = Time spent auto-exploring this place.
 F = Levels seen in this place.
 G = Mean time per level.
                   A        B        C        D        E       F      G
               +--------+--------+--------+--------+--------+-----+--------+
         Total |   8600 |   8375 |    225 |   2545 |   4502 |   9 |  955.6 |
       Dungeon |   8552 |   8345 |    207 |   2545 |   4482 |   8 | 1069.0 |
        Temple |     47 |     29 |     18 |      0 |     20 |   1 |   47.0 |
               +--------+--------+--------+--------+--------+-----+--------+

Top non-repeatable levels by time:
     D:3: 1709 daAuts
     D:5: 1520 daAuts
     D:6: 1325 daAuts
     D:7: 972 daAuts
     D:8: 851 daAuts
     D:2: 811 daAuts
     D:4: 798 daAuts
     D:1: 562 daAuts
  Temple: 47 daAuts
